 Dungeon Crawl Stone Soup version 0.28.0-43-g3370ac3207 (webtiles) character file.

Game seed: 3663638770220528428

3444 croobank the Arsonist (level 10, -19/56 HPs)
             Began as an Octopode Fire Elementalist on Mar 5, 2022.
             Was a Priest of Jiyva.
             Demolished by a komodo dragon (27 damage)
             ... on level 7 of the Dungeon.
             The game lasted 00:24:35 (7268 turns).

croobank the Arsonist (Octopode Fire Elementalist)  Turns: 7268, Time: 00:24:35

Health: -19/56     AC: 11    Str:  8    XL:     10   Next: 5%
Magic:  17/17      EV: 15    Int: 21    God:    Jiyva [***...]
Gold:   71         SH:  0    Dex: 13    Spells: 3/18 levels left

rFire   . . .      SeeInvis .   y - +2 spear (pain)
rCold   + . .      Faith    .   (no shield)
rNeg    . . .      Spirit   .   n - +2 hat
rPois   .          Reflect  .   (no amulet)
rElec   .          Harm     .   g - +4 ring of protection
rCorr   +          Rampage  .   l - ring of protection from cold
rMut    +                       p - +4 ring of protection
Will    .....                   (no ring)
Stlth   +++++.....              (no ring)
HPRegen 1.30/turn               (no ring)
MPRegen 0.50/turn               (no ring)
                                (no ring)

@: no status effects
A: almost no armour, amphibious, 8 rings, camouflage 1, gelatinous body 1,
(nimble swimmer 1), tentacles, mutation resistance 3, noise suppression
a: Renounce Religion, Oozemancy


You were on level 7 of the Dungeon.
You worshipped Jiyva.
Jiyva was most pleased with you.
You visited 1 branch of the dungeon, and saw 7 of its levels.
You also visited: Sewer.

You collected 181 gold pieces.
You spent 110 gold pieces at shops.

Inventory:

Hand Weapons
 a - a +0 flail
 b - a +0 hunting sling
 d - a +0 dagger
 y - a +2 spear of pain (weapon)
 z - a +2 short sword of protection
Missiles
 e - 110 stones
 f - 103 arrows
 h - 44 bolts
 i - 4 poisoned darts (quivered)
 m - 25 sling bullets
Armour
 n - a +2 hat (worn)
Magical Staves
 q - a staff of poison
Jewellery
 g - a +4 ring of protection (left tentacle)
 l - a ring of protection from cold (right tentacle)
 p - a +4 ring of protection (on tentacle)
Scrolls
 s - a scroll of vulnerability {unknown}
 t - a scroll of holy word {unknown}
 u - a scroll of identify
 v - a scroll of immolation {unknown}
 w - a scroll of amnesia {unknown}
Potions
 j - a potion of lignification {unknown}
 k - 2 potions of flight
 o - 2 potions of invisibility {unknown}
 r - a potion of haste {unknown}
 x - a potion of mutation {unknown}


   Skills:
 - Level 5.3 Dodging
 - Level 7.5 Stealth
 - Level 4.9 Spellcasting
 - Level 5.0 Conjurations
 + Level 10.3 Fire Magic


You had 3 spell levels left.
You knew the following spells:

 Your Spells              Type           Power      Damage    Failure   Level
a - Foxfire               Conj/Fire      100%       2x1d9     1%          1
b - Scorch                Fire           96%        2d9       1%          2
c - Flame Wave            Conj/Fire      37%        2d9       4%          4
d - Ignition              Fire           24%        3d8       100%        8

Your spell library contained the following spells:

 Spells                   Type           Power      Damage    Failure   Level
 Conjure Flame            Conj/Fire      37%        6-21      1%          3
 Inner Flame              Hex/Fire       26%        N/A       4%          3
 Dazzling Flash           Conj/Hex       30%        N/A       12%         3
 Iskenderun's Mystic Bla  Conj/Tloc      15%        2d5       36%         4
 Starburst                Conj/Fire      18%        6d7       58%         6
 Olgreb's Toxic Radiance  Pois           5%         N/A       73%         4
 Ozocubu's Refrigeration  Ice            2%         4d5       100%        7


Dungeon Overview and Level Annotations

Branches:
Dungeon (7/15)             Temple (0/1) D:5           Sewer (visited)

Altars:
Cheibriados

Shops:
D:4 !   D:5 ?

Annotations:
D:3 2 runed translucent doors, mitchisshort's ghost, amateur DsGl


Innate Abilities, Weirdness & Mutations

You cannot wear most types of armour.
You are amphibious.
You can wear up to eight rings at the same time.
Your skin changes colour to match your surroundings (Stealth+).
Your rubbery body absorbs attacks. (AC +1, EV +1)
((You are camouflaged when in or above water. (Stealth+)))
You have tentacles for arms and can constrict up to eight enemies at once.
You are almost entirely resistant to further mutation and mutation removal.
You passively dampen the noise of your surroundings.


Message History

The komodo dragon is severely wounded.
The komodo dragon misses you.
Casting: Scorch (safe; 1% risk of failure)
Confirm with . or Enter, or press ? or * to list all spells.
Flames lash the yak.
The yak is heavily wounded.
The yak's fire resistance burns away.
The komodo dragon bites you but does no damage.
You hit the komodo dragon. Your squeeze misses the komodo dragon.
The komodo dragon is severely wounded.
The komodo dragon bites you but does no damage.
You hit the komodo dragon.
The komodo dragon is almost dead.
The yak is no longer more vulnerable to fire.
The komodo dragon bites you!
You hit the komodo dragon.
The komodo dragon is almost dead.
The komodo dragon bites you! x2
* * * LOW HITPOINT WARNING * * *
You closely miss the komodo dragon.
The komodo dragon is almost dead.
The komodo dragon bites you but does no damage.
Casting: Scorch (safe; 1% risk of failure)
Confirm with . or Enter, or press ? or * to list all spells.
Flames lash the yak.
The yak is severely wounded.
The yak's fire resistance burns away.
The komodo dragon barely misses you.
You hit the komodo dragon but do no damage.
Your squeeze misses the komodo dragon.
The komodo dragon is almost dead.
The komodo dragon completely misses you.
You hit the komodo dragon but do no damage.
Your squeeze misses the komodo dragon.
The komodo dragon is almost dead.
The komodo dragon bites you!
* * * LOW HITPOINT WARNING * * *
You barely miss the komodo dragon.
The komodo dragon is almost dead.
The komodo dragon bites you!!
You die...

###(.#.###......#...........#.#
##..###.# ###.##.#...........#.#
....# .# ###..#...#.#.#.#...#
..#.# #. ####.............#
.#..# # #...#.#.#.#...# #.#.#
#...........### .#..# #
#...#.#.#.#...# ..#.# ##.
###...........#.# ....# #.#
####@#...#.#.#.#.#.# ##..###Y#
###..#l#..J........#.#
.###..#.###:$..#Y#.......#.###.#
...##..###)[.h.#.#.#>......# #.#
##..###..###Zs.#.#.#.####### #.#
##...###..###...#...# #.#
###...###.Y###.#...# #.#
###...###..#.#.#.#########.#
###...###..#.............#


You could see a komodo dragon and a yak (combustible).

Vanquished Creatures
  A two-headed ogre (D:7)
  A cyclops (D:7)
  3 yaks
  A vampire mosquito (D:7)
  Eustachio (D:4)
  2 water moccasins
  An ice beast (D:6)
  2 sky beasts
  A necrophage (D:3)
  2 black bears
  An ogre (D:6)
  A centaur (D:7)
  A kobold brigand (D:7)
  A gnoll sergeant (D:6)
  A wyvern zombie (D:6)
  A bullfrog zombie (D:6)
  4 jellies (Sewer)
  A hound (D:4)
  4 orc priests
  2 bullfrog skeletons
  A centaur skeleton (D:7)
  2 orc wizards
  A scorpion zombie (D:5)
  Robin (D:4)
  2 gnolls
  5 adders
  2 river rats
  3 worms
  3 dart slugs
  13 orcs
  9 ball pythons
  4 bats
  18 endoplasms
  6 giant cockroaches
  13 goblins
  9 hobgoblins
  5 jackals (D:3)
  12 kobolds
  4 quokkas
  6 frilled lizards
  6 rats
157 creatures vanquished.

Vanquished Creatures (others)
  An ogre (D:5)
  A centaur (D:6)
  16 jellies
  4 killer bees (D:7)
  A howler monkey (D:4)
  2 bullfrog zombies
  5 hounds
  A gnoll shaman (D:5)
  A centaur skeleton (D:6)
  An orc wizard (D:7)
  4 gnolls
  A howler monkey skeleton (D:7)
  An adder (D:6)
  An ufetubus (D:6)
  An orc (D:6)
  A hobgoblin (D:4)
  A kobold (D:4)
  144 foxfires
187 creatures vanquished.

Grand Total: 344 creatures vanquished

Notes
Turn   | Place    | Note
-------+----------+-------------------------------------------
     0 | D:1      | croobank the Octopode Fire Elementalist began the quest for
                  | the Orb.
     0 | D:1      | Reached XP level 1. HP: 11/11 MP: 3/3
   165 | D:1      | Reached XP level 2. HP: 17/17 MP: 1/5
   169 | D:1      | Learned a level 2 spell: Scorch
   504 | D:1      | Found a faded altar of an unknown god.
   788 | D:1      | Reached XP level 3. HP: 15/21 MP: 3/6
  1657 | D:2      | Identified a scroll of acquirement
  1657 | D:2      | Acquired the Unrestrained Analects
  2008 | D:2      | Found a snail-covered altar of Cheibriados.
  2366 | D:2      | Reached XP level 4. HP: 27/27 MP: 3/7
  2371 | D:2      | Learned a level 4 spell: Flame Wave
  2598 | D:3      | Noticed a necrophage
  2643 | D:3      | Killed a necrophage
  2644 | D:3      | Reached XP level 5. HP: 17/31 MP: 0/9
  2797 | D:3      | Found a runed translucent door.
  2799 | D:3      | Noticed mitchisshort's ghost (amateur DsGl)
  2813 | D:3      | Reached skill level 4 in Fire Magic
  3384 | D:3      | Found a runed translucent door.
  3704 | D:4      | Reached XP level 6. HP: 35/36 MP: 7/10
  3707 | D:4      | Found a glowing drain.
  3758 | Sewer    | Entered a sewer
  4084 | Sewer    | Found a viscous altar of Jiyva.
  4095 | Sewer    | Became a worshipper of Jiyva Jutiup the Shapeless
  4114 | Sewer    | Identified the +0 robe of Ymaor {Str+4 Dex-5 Archmagi}
  4217 | D:4      | Noticed a black bear
  4228 | D:4      | Killed a black bear
  4229 | D:4      | Reached skill level 5 in Stealth
  4229 | D:4      | Reached skill level 5 in Fire Magic
  4229 | D:4      | Reached XP level 7. HP: 41/41 MP: 4/11
  4315 | D:4      | Noticed Eustachio
  4332 | D:4      | Killed Eustachio
  4437 | D:4      | Noticed Robin
  4446 | D:4      | Killed Robin
  4647 | D:4      | Found Biadim's Distillery.
  4650 | D:4      | Bought a potion of heal wounds for 55 gold pieces
  4650 | D:4      | Bought a potion of heal wounds for 55 gold pieces
  5017 | D:5      | Entered Level 5 of the Dungeon
  5021 | D:5      | Found Polab's Magic Scroll Emporium.
  5055 | D:5      | Noticed a yak
  5057 | D:5      | Noticed a yak
  5085 | D:5      | Killed a yak
  5086 | D:5      | Reached skill level 6 in Fire Magic
  5086 | D:5      | Reached XP level 8. HP: 26/46 MP: 2/13
  5362 | D:5      | Noticed a yak
  5370 | D:6      | Killed a yak
  5489 | D:5      | Killed a yak
  5604 | D:5      | Reached * piety under Jiyva
  5738 | D:5      | Found a staircase to the Ecumenical Temple.
  6008 | D:5      | Reached ** piety under Jiyva
  6107 | D:5      | Learned a level 8 spell: Ignition
  6147 | D:6      | Reached skill level 7 in Fire Magic
  6313 | D:6      | Reached XP level 9. HP: 51/51 MP: 7/15
  6454 | D:6      | Reached skill level 5 in Dodging
  7024 | D:7      | Reached *** piety under Jiyva
  7056 | D:7      | Reached skill level 5 in Conjurations
  7080 | D:7      | Noticed a two-headed ogre
  7091 | D:7      | Killed a two-headed ogre
  7092 | D:7      | Reached skill level 9 in Fire Magic
  7101 | D:7      | Noticed a cyclops
  7114 | D:7      | Killed a cyclops
  7115 | D:7      | Reached skill level 10 in Fire Magic
  7115 | D:7      | Reached XP level 10. HP: 45/56 MP: 8/17
  7178 | D:7      | Gained mutation: You are somewhat resistant to further
                  | mutation. [Jiyva's grace]
  7178 | D:7      | Gained mutation: You are somewhat resistant to both further
                  | mutation and mutation removal. [Jiyva's grace]
  7178 | D:7      | Gained mutation: You are almost entirely resistant to
                  | further mutation and mutation removal. [Jiyva's grace]
  7178 | D:7      | Gained mutation: You passively dampen the noise of your
                  | surroundings. [Jiyva's grace]
  7268 | D:7      | Demolished by a komodo dragon

Illustrated notes

Levels and vault maps discovered:
D:1:      nagdon_arrival_double_spiral, layout_basic,
          dilly_ecumenical_altar_fadedgnrine, serial_park_tiny_1
D:2:      layout_loops_ring, basic_altar, grunt_ministairs_5, minivault_11,
          minmay_tetromino_l4
D:3:      layout_basic, ebering_ghost_sewer_f
D:4:      layout_loops_ring, gup_sewer_entry_bubbles, serial_shops,
          nicolae_shop_behind_doors, kennysheep_dice, uniq_robin, uniq_eustachio
D:5:      layout_loops_ring, minmay_temple_entry_waves, serial_shops, shop
D:6:      layout_basic, nicolae_lava_and_water, minmay_fractal_squares_gapless_5
D:7:      minmay_the_grid_triangle_9x9_recursive_2
          [minmay_the_grid_triangle_9x9_prize_special,
          minmay_the_grid_triangle_9x9_from_above,
          minmay_the_grid_triangle_9x9_cache,
          minmay_the_grid_triangle_9x9_limited_checkers], layout_basic,
          serial_glass, glass_columns_a, glass_columns_c

Skill      XL: |  1  2  3  4  5  6  7  8  9 |
---------------+----------------------------+-----
Stealth        | 3 4 5 6 7 |  7.5
Conjurations   | 2 3 4 5 |  5.0
Fire Magic     | 4 5 6 7 10 | 10.3
Dodging        | 3 4 5 |  5.3
Spellcasting   | 3 4 |  4.9

Action                   |  1- 3 |  4- 6 |  7- 9 | 10-12 || total
-------------------------+-------+-------+-------+-------++-------
Melee: Dagger            |    21 |       |       |       ||    21
       Unarmed           |     2 |       |       |       ||     2
       Tentacles         |     6 |     4 |    13 |     3 ||    26
       Constrict         |     5 |    11 |    14 |     1 ||    31
       Flail             |     5 |    47 |    35 |       ||    87
       Punch             |       |     1 |     2 |       ||     3
       Spear             |       |       |    22 |    18 ||    40
 Cast: Foxfire           |    31 |    26 |    31 |     2 ||    90
       Scorch            |    20 |    27 |    68 |     7 ||   122
       Flame Wave        |       |     1 |     5 |       ||     6
  Use: Scroll            |     3 |     5 |       |       ||     8
       Potion            |       |       |     1 |     2 ||     3
 Stab: Sleeping          |       |     4 |     1 |       ||     5
Armor: Skin              |     4 |    32 |    53 |     4 ||    93
Dodge: Dodged            |    19 |    42 |    69 |    10 ||   140
